 Dungeon Crawl Stone Soup version 0.32-a0-418-g34023cf50c (webtiles) character file.

Game seed: 17886850070826433964

76 Asfel the Changeling (level 4, 0/32 HPs)
             Began as a Demonspawn Shapeshifter on Feb 21, 2024.
             Slain by Sigmund
             ... wielding a +0 scythe
              (11 damage)
             ... on level 2 of the Dungeon.
             The game lasted 00:04:08 (1842 turns).

Asfel the Changeling (Demonspawn Shapeshifter)      Turns: 1842, Time: 00:04:09

Health: 0/32       AC:  4    Str: 16    XL:     4   Next: 12%
Magic:  4/4        EV: 12    Int: 11    God:
Gold:   74         SH:  0    Dex: 12    Spells: 3/3 levels left

rFire   . .          .
                       - Unarmed
rCold   . . .        (no shield)
rNeg    . . .        a - +0 animal skin
rPois   .            (helmet currently unavailable)
rElec   .            (cloak currently unavailable)
rCorr   .            (gloves currently unavailable)
SInv    .            (boots currently unavailable)
Will    .....        (no amulet)
Stlth   +            (no ring)
HPRegen 0.25/turn    (no ring)
MPRegen 0.09/turn

%: no passive effects
@: beast-form
A: beast (slay +2), slimy green scales 1, ignite blood 1
a: Begin Untransformation


You were on level 2 of the Dungeon.
You were a hulking beast.
You visited 1 branch of the dungeon, and saw 2 of its levels.

You collected 74 gold pieces.

Inventory:

Armour
 a - a +0 animal skin (worn)
 f - a +0 pair of boots
 g - a scarf of repulsion
Magical Staves
 i - a staff of cold
Talismans
 c - a beast talisman (active)
 d - a flux talisman
Scrolls
 e - 2 scrolls of identify {unknown}
Potions
 b - a potion of lignification
 h - a potion of haste {unknown}


   Skills:
 + Level 1.1 Fighting
 + Level 2.0 Dodging
 + Level 0.4 Stealth
 + Level 3.3 Unarmed Combat
 * Level 3.7 Shapeshifting


You had 3 spell levels left.
You didn't know any spells.
Your spell library contained the following spells:

 Spells                   Type           Power      Damage    Failure   Level
 Apportation              Tloc           0%         N/A       34%         1
 Necrotise                Necr           0%         1d4       34%         1
 Sting                    Conj/Alch      0%         1d3       34%         1
 Summon Small Mammal      Summ           0%         N/A       34%         1
 Mercury Vapours          Alch/Air       0%         N/A       47%         2
 Mephitic Cloud           Conj/Alch/Air  0%         N/A       71%         3
 Freezing Cloud           Conj/Ice/Air   0%         6-21      100%        5


Dungeon Overview and Level Annotations

Branches:
Dungeon (2/15)

Altars:

Shops:
D:1 [

Annotations:
D:2 Sigmund


Innate Abilities, Weirdness & Mutations

You are a hulking beast.
Your limbs bulge with bestial killing power. (Slay +2)
You are partially covered in slimy green scales. (AC +2)
Your demonic aura sometimes causes spilled blood to erupt in flames.


Message History

Sigmund hits you with a +0 scythe! Sigmund gestures at you while chanting.
You resist with some effort.
Sigmund points at you and mumbles some strange words.
The puff of flame misses you.
Sigmund casts a spell.
Sigmund flickers and vanishes!
Deactivating autopickup; reactivate with Ctrl-A.
A magic dart appears from out of thin air!
The magic dart hits you!
You open the door. Something hits you but does no damage.
There is an open door here.
You are confused.
You bump into the rock wall.
You bump into the rock wall.
You bump into the rock wall.
Something hits you.
You feel less confused. Something hits you!
You hear some strange, mumbled words.
You are confused.
You feel less confused. Sigmund gestures at you while chanting.
You are confused.
Sigmund breathes a few words.
Sigmund's hands start flickering wildly.
You feel less confused.
Sigmund casts a spell.
Sigmund flickers and vanishes!
A magic dart appears from out of thin air!
The magic dart hits you.
Something tries to affect you, but you resist.
Found a pair of gloves.
A puff of flame appears from out of thin air!
The puff of flame misses you.
A magic dart appears from out of thin air!
The magic dart hits you!
* * * LOW HITPOINT WARNING * * *
Something hits you!
You die...

#.# #.####.#...####...#.#..#.[#
..# #.##...................#..##.
..###.......#######...#....# ...
..........)## #..........#..###
......##...# ##....#####.#.####
......##...#####.................
...#..##......##....######.#.####
...#..##...##.##....######.#.####
.>##..##........h...'............
....................######.#.####
..##..........##....# #.#.#
.................#### #.# #
..#...........##.# #.#
..#.#.###..#..##.# ### ......#
#..#..##.##### #.#
.##.#####..#.........# #.#
..............##รท##### #.#


There were no monsters in sight!

Vanquished Creatures
  An adder (D:2)
  A dart slug (D:1)
  2 ribbon worms (D:2)
  6 ball pythons
  2 giant cockroaches (D:2)
  2 goblins
  4 hobgoblins
  3 jackals (D:1)
  A quokka (D:2)
  4 bats
  2 frilled lizards (D:2)
  5 kobolds
  3 rats (D:1)
36 creatures vanquished.

Notes
Turn   | Place    | Note
-------+----------+-------------------------------------------
     0 | D:1      | Asfel the Demonspawn Shapeshifter began the quest for the
                  | Orb.
     0 | D:1      | Reached XP level 1. HP: 15/15 MP: 1/1
   163 | D:1      | Gained mutation: Your demonic aura sometimes causes spilled
                  | blood to erupt in flames. [demonic ancestry]
   163 | D:1      | Reached XP level 2. HP: 20/21 MP: 2/2
   381 | D:1      | Found Rafawn's Antique Armour Shop.
   409 | D:1      | Reached XP level 3. HP: 26/26 MP: 3/3
  1538 | D:2      | Gained mutation: You are partially covered in slimy green
                  | scales. (AC +2) [demonic ancestry]
  1538 | D:2      | Reached XP level 4. HP: 20/32 MP: 4/4
  1755 | D:2      | Noticed Sigmund
  1842 | D:2      | Slain by Sigmund

Illustrated notes

Levels and vault maps discovered:
D:1:      nicolae_arrival_washed_ashore, layout_basic, serial_shops,
          nicolae_shop_temple_entry_statues_fountains
D:2:      layout_basic, chequers_serial_rivers_small_a, minmay_tripent,
          uniq_sigmund, uniq_terence

Skill      XL: |  1  2  3 |
---------------+----------+-----
Shapeshifting  | 3 |  3.7
Unarmed Combat | 3 |  3.3
Dodging        | 2 |  2.0
Fighting       | |  1.1
Stealth        | |  0.4

Action                     |  1- 3 |  4- 6 || total
---------------------------+-------+-------++-------
  Melee: Unarmed           |   106 |    16 ||   122
         Punch             |     2 |       ||     2
   Stab: Sleeping          |     1 |       ||     1
 Armour: Animal skin       |    65 |    19 ||    84
  Dodge: Dodged            |    75 |    11 ||    86

Table legend: (Time is in decaauts)
 A = Elapsed time spent in this place.
 B = Non-inter-level travel time spent in this place.
 C = Inter-level travel time spent in this place.
 D = Time resting spent in this place.
 E = Time spent auto-exploring this place.
 F = Levels seen in this place.
 G = Mean time per level.
                   A        B        C        D        E       F      G
               +--------+--------+--------+--------+--------+-----+--------+
         Total |   1834 |   1834 |      0 |      0 |   1354 |   2 |  917.0 |
       Dungeon |   1834 |   1834 |      0 |      0 |   1354 |   2 |  917.0 |
               +--------+--------+--------+--------+--------+-----+--------+

Top non-repeatable levels by time:
     D:1: 1077 daAuts
     D:2: 757 daAuts
